 Dungeon Crawl Stone Soup version 0.23.2-33-g5129a83184 (webtiles) character file.

Game seed: 8291587790096127088

6290 Bergy the Cleaver (level 10, -1/73 (74) HPs)
             Began as a Demonspawn Abyssal Knight on June 27, 2019.
             Was a High Priest of Lugonu.
             Slain by Snorg (16 damage)
             ... on level 11 of the Dungeon.
             The game lasted 00:39:44 (11931 turns).

Bergy the Cleaver (Demonspawn Abyssal Knight)      Turns: 11931, Time: 00:39:45

HP:   -1/73 (74)    AC: 18    Str: 16    XL:     10   Next: 63%
MP:   11/11         EV:  7    Int: 14    God:    Lugonu [*****.]
Gold: 489           SH: 15    Dex: 17    Spells: 9/9 levels left

rFire    . . .     SeeInvis .   a - +2 whip (venom)
rCold    . . .     Gourm    .   u - +0 large shield
rNeg     . . .     Faith    .   v - +0 plate armour
rPois    +         Spirit   .   z - +2 helmet
rElec    .         Reflect  .   (no cloak)
rCorr    .         Harm     .   (no gloves)
MR       .....                  (no boots)
Stlth    ..........             (no amulet)
HPRegen  0.22/turn              i - ring of poison resistance
MPRegen  0.12/turn              (no ring)

@: agile, about to teleport
A: claws 2, icy blue scales 1, demonic guardian 2, nightstalker 1
a: Depart the Abyss, Bend Space, Banish, Corrupt, Enter the Abyss, Renounce
Religion


You were on level 11 of the Dungeon.
You worshipped Lugonu.
Lugonu was extremely pleased with you.
You were not hungry.

You visited 1 branch of the dungeon, and saw 11 of its levels.
You visited the Abyss 1 time.

You collected 489 gold pieces.

Inventory:

Hand Weapons
 a - a +2 whip of venom (weapon)
 l - a +1 morningstar of draining
 o - the +6 hand axe of Cecofymo {protect, +Blink rElec Str-2 SInv}
   (You took it off a goblin on level 3 of the Dungeon)

   It protects the one who uses it against injury (+AC on strike).
   It affects your strength (-2).
   It insulates you from electricity.
   It lets you see invisible.
   It lets you blink.
Armour
 u - a +0 large shield (worn)
 v - a +0 plate armour (worn)
 z - a +2 helmet (worn)
Jewellery
 i - a ring of poison resistance (left claw)
Wands
 j - a wand of flame (18)
 n - a wand of digging (3)
 r - a wand of paralysis (17)
 D - a wand of polymorph (7)
 E - a wand of disintegration (10)
Scrolls
 d - 5 scrolls of immolation
 e - 6 scrolls of identify
 f - 2 scrolls of magic mapping {unknown}
 g - 3 scrolls of enchant weapon {unknown}
 h - 2 scrolls of noise {unknown}
 k - 6 scrolls of teleportation
 m - 4 scrolls of enchant armour
 p - a scroll of fear {unknown}
 q - a scroll of amnesia {unknown}
 t - a scroll of fog {unknown}
 w - 4 scrolls of remove curse {unknown}
 x - a scroll of random uselessness {unknown}
 y - 5 scrolls of blinking
 A - a scroll of torment {unknown}
Potions
 s - 2 potions of flight {unknown}
 B - 3 potions of brilliance
Comestibles
 c - 8 rations
 C - 7 chunks of flesh


   Skills:
 + Level 5.0 Fighting
 - Level 9.0(9.7) Axes
 * Level 5.3(7.9) Maces & Flails
 + Level 6.4 Armour
 - Level 2.0 Dodging
 * Level 7.3 Shields
 - Level 2.4 Invocations


You had 9 spell levels left.
You didn't know any spells.
Your spell library contained the following spells:

 Spells                   Type           Power        Failure   Level  Hunger
 Summon Small Mammal      Summ           #...         100%        1    ##.....
 Call Imp                 Summ           #.......     100%        2    ###....
 Call Canine Familiar     Summ           #.......     100%        3    ####...
 Recall                   Summ/Tloc      N/A          100%        3    ####...
 Summon Guardian Golem    Hex/Summ       #.......     100%        3    ####...
 Summon Ice Beast         Ice/Summ       #.......     100%        4    #####..
 Summon Lightning Spire   Summ/Air       #.......     100%        4    #####..
 Aura of Abjuration       Summ           #.........   100%        5    ######.
 Summon Demon             Summ           #.........   100%        5    ######.
 Summon Forest            Summ/Tloc      #.........   100%        5    ######.
 Summon Mana Viper        Hex/Summ       #.......     100%        5    ######.
 Shadow Creatures         Summ           N/A          100%        6    #######


Dungeon Overview and Level Annotations

Branches:
Dungeon (11/15)            Temple (0/1) D:5
   Lair: D:8-11         Orc: D:9-12

Altars:
Dithmenos
Hepliaklqana
Kikubaaqudgha
Makhleb
Nemelex Xobeh
Okawaru
Qazlal
Ru
Sif Muna
Uskayaw

Annotations:
D:11 Josephine, Snorg


Innate Abilities, Weirdness & Mutations

You have very sharp fingernails.
You are partially covered in icy blue scales. (AC +2)
A demonic guardian rushes to your aid.
You are slightly more attuned to the shadows.


Message History

Snorg is lightly wounded.
Snorg bites you. You block Snorg's attack. Snorg claws you but does no damage.
You block Snorg's attack. Snorg claws you but does no damage. x2
You feel agile all of a sudden. You block Snorg's attack.
Snorg completely misses you. You block Snorg's attack.
You hit Snorg.
Snorg is lightly wounded.
Snorg bites you but does no damage. You block Snorg's attack. Snorg claws you.
As you read the scroll of teleportation, it crumbles to dust.
You feel strangely unstable. Snorg bites you! Snorg claws you.
You block Snorg's attack. x2; Snorg claws you but does no damage.
Snorg claws you!
* * * LOW HITPOINT WARNING * * *
You completely miss Snorg.
Snorg is lightly wounded.
You block Snorg's attack. Snorg claws you.
* * * LOW HITPOINT WARNING * * *
Snorg claws you!
You die... ##.######.. ...W..^.#. ....W.W.. ..W.3..%# ......!.# ###Y# #WtW#

#####W###
#..@T.#
###'########
#...........#
#...........#
#...........'
#...........#
#...........#
#...........#
######'#####


You could see Snorg (berserk), an elephant, 2 wraiths and a crocodile.

Vanquished Creatures
  3 centaur zombies
  A hippogriff (D:10)
  A wraith (D:10)
  2 yaks (D:11)
  A hungry ghost (D:9)
  Menkaure (D:7)
  3 ice beasts
  A necrophage (D:10)
  2 orc warriors
  A black bear (D:10)
  A sky beast (D:10)
  5 ogres
  A centaur (D:7)
  A big kobold (D:10)
  4 bullfrogs
  2 scorpions
  6 killer bees
  2 wights (D:10)
  A howler monkey (D:4)
  3 crimson imps
  A bullfrog zombie (D:7)
  7 hounds
  4 orc priests
  A bullfrog skeleton (D:9)
  3 jellies (D:6)
  An iguana (D:6)
  2 worker ants
  2 orc wizards (D:10)
  A killer bee zombie (D:9)
  2 hound zombies
  A worker ant zombie (D:10)
  Robin (D:4)
  4 gnolls (D:8)
  A howler monkey skeleton (D:4)
  11 adders
  3 shadow imps
  2 oozes
  A worm (D:4)
  2 dart slugs
  5 leopard geckos
  14 orcs
  6 bats
  3 giant cockroaches
  18 goblins
  8 hobgoblins
  7 jackals
  2 quokkas
  2 ball pythons
  4 frilled lizards
  15 kobolds
  4 rats
180 creatures vanquished.

Vanquished Creatures (collateral kills)
  A two-headed ogre (D:11)
  A manticore (D:11)
  2 gargoyles (D:10)
  A troll (D:10)
  3 yaks (D:11)
  A hungry ghost (D:9)
  A hornet zombie (D:8)
  An ogre (D:9)
  2 centaurs
  2 bullfrogs (D:7)
  2 killer bees (D:8)
  2 wights (D:10)
  A centaur zombie (D:3)
  An orc (D:4)
  A hobgoblin (D:3)
  2 goblins (D:4)
24 creatures vanquished.

Vanquished Creatures (others)
  A hound skeleton (D:6)
1 creature vanquished.

Grand Total: 205 creatures vanquished

Notes
Turn   | Place    | Note
-------+----------+-------------------------------------------
     0 | Abyss:1  | Bergy the Demonspawn Abyssal Knight began the quest for the
                  | Orb.
     0 | Abyss:1  | Reached XP level 1. HP: 18/18 MP: 2/2
    25 | D:1      | Escaped the Abyss
   282 | D:1      | Gained mutation: You are slightly more attuned to the
                  | shadows. [demonic ancestry]
   282 | D:1      | Reached XP level 2. HP: 17/24 MP: 3/3
  1203 | D:2      | Gained mutation: You have sharp fingernails. [demonic
                  | ancestry]
  1203 | D:2      | Reached XP level 3. HP: 24/29 MP: 4/4
  1324 | D:2      | Found a deep blue altar of Sif Muna.
  1348 | D:2      | Reached ** piety under Lugonu
  1800 | D:2      | Found a burning altar of Makhleb.
  1947 | D:2      | Gained mutation: A weak demonic guardian rushes to your
                  | aid. [demonic ancestry]
  1947 | D:2      | Reached XP level 4. HP: 21/37 MP: 5/5
  2173 | D:2      | Found a hazy altar of Hepliaklqana.
  2614 | D:3      | Found a stormy altar of Qazlal.
  3155 | D:3      | Found a sparkling altar of Nemelex Xobeh.
  3754 | D:4      | Noticed Robin
  3754 | D:4      | Identified the +6 hand axe of Cecofymo {protect, +Blink
                  | rElec Str-2 SInv}
  3770 | D:3      | Gained mutation: You have very sharp fingernails. [demonic
                  | ancestry]
  3770 | D:3      | Reached XP level 5. HP: 14/42 MP: 6/6
  3974 | D:3      | Reached skill level 1 in Dodging
  4070 | D:4      | Killed Robin
  4070 | D:4      | Reached *** piety under Lugonu
  4070 | D:4      | Reached skill level 1 in Axes
  4119 | D:4      | Found a hide-covered altar of Uskayaw.
  4146 | D:4      | Reached XP level 6. HP: 45/49 MP: 7/7
  4378 | D:4      | Found a shadowy altar of Dithmenos.
  4501 | D:4      | Found a sparkling altar of Nemelex Xobeh.
  4522 | D:5      | Entered Level 5 of the Dungeon
  4802 | D:5      | Reached skill level 2 in Axes
  4879 | D:5      | Found a staircase to the Ecumenical Temple.
  5198 | D:5      | Reached skill level 3 in Axes
  5198 | D:5      | Reached skill level 1 in Shields
  5411 | D:6      | Reached skill level 4 in Axes
  5411 | D:6      | Reached XP level 7. HP: 54/55 MP: 8/8
  5693 | D:6      | Reached skill level 5 in Axes
  5849 | D:6      | Gained mutation: You are partially covered in icy blue
                  | scales. (AC +2) [demonic ancestry]
  5849 | D:6      | Reached XP level 8. HP: 61/61 MP: 9/9
  6397 | D:6      | Reached skill level 6 in Axes
  6704 | D:7      | Noticed Menkaure
  7519 | D:7      | Killed Menkaure
  8291 | D:8      | Reached **** piety under Lugonu
  8291 | D:8      | Reached XP level 9. HP: 46/66 MP: 10/10
  8566 | D:8      | Reached skill level 7 in Axes
  8659 | D:8      | Found an iron altar of Okawaru.
  9005 | D:9      | Reached skill level 5 in Armour
  9019 | D:9      | HP: 3/66 [orc warrior/+2 halberd of venom (13)]
  9194 | D:9      | Found a sacrificial altar of Ru.
  9259 | D:9      | Found an ancient bone altar of Kikubaaqudgha.
  9553 | D:9      | Reached skill level 5 in Shields
  9974 | D:9      | Reached skill level 8 in Axes
 10303 | D:10     | Entered Level 10 of the Dungeon
 10441 | D:10     | Noticed a gargoyle
 10461 | D:10     | Killed a gargoyle
 10555 | D:10     | Gained mutation: A demonic guardian rushes to your aid.
                  | [demonic ancestry]
 10555 | D:10     | Reached XP level 10. HP: 60/73 MP: 11/11
 10657 | D:10     | Noticed a gargoyle
 10663 | D:10     | Killed a gargoyle
 10869 | D:10     | Reached skill level 9 in Axes
 11260 | D:10     | Reached ***** piety under Lugonu
 11686 | D:11     | Noticed a two-headed ogre
 11697 | D:11     | Killed a two-headed ogre
 11697 | D:11     | Reached skill level 5 in Fighting
 11697 | D:11     | Reached skill level 5 in Maces & Flails
 11716 | D:11     | Noticed a manticore
 11727 | D:11     | Killed a manticore
 11910 | D:11     | Noticed Snorg
 11911 | D:11     | Noticed Josephine
 11915 | D:11     | Noticed an elephant
 11931 | D:11     | Slain by Snorg

Skill      XL: |  1  2  3  4  5  6  7  8  9 10 |
---------------+-------------------------------+-----
Maces & Flails | 2 3 5 |  5.3
Armour         | 2 3 4 6 |  6.4
Fighting       | 4 5 |  5.0
Dodging        | 1 2 |  2.0
Axes           | 1 4 5 6 8 9 |  9.0
Shields        | 1 4 6 7 |  7.3
Invocations    | |  2.4

Action                   |  1- 3 |  4- 6 |  7- 9 | 10-12 || total
-------------------------+-------+-------+-------+-------++-------
Melee: Mace              |   114 |    80 |       |       ||   194
       Hand axe          |       |    87 |   379 |    46 ||   512
       Whip              |       |       |       |    63 ||    63
       Morningstar       |       |       |       |    39 ||    39
  Use: Scroll            |       |     1 |     9 |     2 ||    12
       Potion            |       |       |     8 |     1 ||     9
 Stab: Sleeping          |     2 |     2 |       |       ||     4
       Distracted        |       |       |     5 |       ||     5
  Eat: Chunk             |     2 |     9 |    11 |     5 ||    27
       Ration            |       |     1 |     3 |       ||     4
Armor: Leather armour    |    17 |    52 |       |       ||    69
       Plate armour      |       |    22 |   214 |    92 ||   328
Dodge: Dodged            |    86 |    87 |    12 |     7 ||   192
Block: Large shield      |       |    23 |   260 |   102 ||   385
